 Dungeon Crawl Stone Soup version 0.20-a0-16-g0876c8e (webtiles) character file.

486 JustSomeDude the Shield-Bearer (level 6, -7/48 HPs)
             Began as a Demonspawn Fighter on Nov 3, 2016.
             Killed by divine providence
             ... invoked by an orc priest
              (17 damage)
             ... on level 4 of the Dungeon.
             The game lasted 00:06:11 (3237 turns).

JustSomeDude the Shield-Bearer (Demonspawn Fighter) Turns: 3237, Time: 00:06:11

Health: -7/48      AC:  7    Str: 18    XL:     6   Next: 89%
Magic:  6/6        EV:  8    Int: 15    God:
Gold:   159        SH:  9    Dex: 12    Spells: 0 memorised, 5 levels left

rFire  . . .     SeeInvis .     a - +0 trident
rCold  . . .     Gourm    .     b - +0 scale mail
rNeg   . . .     Faith    .     c - +0 shield
rPois  .         Spirit   .     (no helmet)
rElec  .         Reflect  .     (no cloak)
rCorr  .         Harm     .     (no gloves)
MR     .....                    (no boots)
Stlth  ..........               (no amulet)
                                (no ring)
                                (no ring)

@: brilliant
A: hooves 1, sturdy frame 1
a: no special abilities


You were on level 4 of the Dungeon.
You were hungry.

You visited 1 branch of the dungeon, and saw 5 of its levels.

You collected 159 gold pieces.

Inventory:

Hand Weapons
 a - a +0 trident (weapon)
Armour
 b - a +0 scale mail (worn)
 c - a +0 shield (worn)
Scrolls
 g - 3 scrolls of remove curse {unknown}
 j - a scroll of teleportation {unknown}
 k - a scroll of enchant armour {unknown}
 m - a scroll of enchant weapon {unknown}
 n - 2 scrolls of fear {unknown}
 q - a scroll of magic mapping {unknown}
 r - a scroll of random uselessness {unknown}
Potions
 d - a potion of might
 e - a potion of brilliance
 h - a potion of flight {unknown}
 i - a potion of berserk rage {unknown}
 p - a potion of haste
Comestibles
 f - 2 bread rations
 l - a meat ration
 o - 2 beef jerkies


   Skills:
 + Level 3.9 Fighting
 + Level 4.0 Polearms
 + Level 3.9 Armour
 + Level 1.5 Dodging
 + Level 0.2 Stealth
 + Level 4.3 Shields


You had 5 spell levels left.
You didn't know any spells.

Dungeon Overview and Level Annotations

Branches:
Dungeon (5/15)
 Temple: D:4-7

Altars:
Ashenzari
Kikubaaqudgha
Nemelex Xobeh
Uskayaw


Innate Abilities, Weirdness & Mutations

You have large cloven feet.
Your movements are slightly less encumbered by armour. (ER -2)


Message History

The orc priest is moderately wounded.
You block the orc's attack.
The orc priest hits you with a falchion.
You hit the orc priest but do no damage.
Your kick misses the orc priest.
The orc priest is moderately wounded.
The orc hits you with a hand axe of electrocution.
You block the orc priest's attack.
You closely miss the orc priest.
The orc priest is moderately wounded.
The orc hits you but does no damage.
You are electrocuted!
The orc priest calls down the wrath of Beogh upon you.
Beogh smites you!
* * * LOW HITPOINT WARNING * * *
The orc hits you but does no damage.
It was a potion of brilliance.
You feel clever all of a sudden.
The orc priest calls down the wrath of Beogh upon you.
Beogh smites you!
You die...

#.#.....##.#
#....##.##.#
####.#.##....#
#............#
#.##.##.####.#
#.#...#.##...######
#.#.#.#.##.........
#o#...#.##.......##
#o@)....##.......#
####.#####.......#
.# #.......# .#
##.#.##### ..
#..<..... ##
##.#####. #.# #.#
...


You could see an orc priest and an orc.

Vanquished Creatures
  Grinder (D:4)
  A jelly (D:3)
  An orc priest (D:3)
  Ijyb (D:2)
  4 gnolls (D:2)
  6 adders
  4 oozes
  A worm (D:3)
  3 dart slugs
  6 orcs
  12 bats
  4 giant cockroaches
  6 goblins
  9 hobgoblins
  9 jackals (D:2)
  3 frilled lizards
  3 kobolds
  A quokka skeleton (D:3)
  4 rats
79 creatures vanquished.

Notes
Turn   | Place    | Note
-------+----------+-------------------------------------------
     0 | D:1      | JustSomeDude the Demonspawn Fighter began the quest for the Orb.
     0 | D:1      | Reached XP level 1. HP: 18/18 MP: 1/1
    96 | D:1      | Gained mutation: You have large cloven feet. [demonic ancestry]
    96 | D:1      | Reached XP level 2. HP: 24/24 MP: 2/2
   624 | D:2      | Noticed a dagger
   626 | D:2      | Noticed a hand axe
   628 | D:2      | Found a hide-covered altar of Uskayaw.
   671 | D:2      | Found an ancient bone altar of Kikubaaqudgha.
   690 | D:2      | Gained mutation: Your movements are slightly less encumbered by armour. (ER -2) [demonic ancestry]
   690 | D:2      | Reached XP level 3. HP: 20/29 MP: 3/3
  1123 | D:2      | Noticed Ijyb
  1138 | D:2      | Killed Ijyb
  1138 | D:2      | Reached XP level 4. HP: 30/35 MP: 4/4
  1278 | D:2      | Found a shattered altar of Ashenzari.
  1325 | D:2      | Reached XP level 5. HP: 12/41 MP: 5/5
  2145 | D:3      | Reached skill level 1 in Dodging
  2337 | D:3      | Found a sparkling altar of Nemelex Xobeh.
  2675 | D:3      | Reached XP level 6. HP: 26/47 MP: 6/6
  2717 | D:3      | You fall through a shaft for 2 floors!
  2717 | D:5      | Entered Level 5 of the Dungeon
  2923 | D:4      | Noticed Grinder
  2973 | D:4      | Paralysed by Grinder for 4 turns
  2998 | D:4      | Paralysed by Grinder for 7 turns
  3012 | D:4      | Killed Grinder
  3237 | D:4      | Killed from afar by an orc priest

Vault maps used:
D:1:      dpeg_arrival_radiant
D:2:      old_standard_altar, dancing_weapons_uskayaw, evilmike_ruin_ashenzari,
          uniq_iyjb
D:3:      nemelex_altar_shiori, minmay_misc_feat_more_columns, minmay_unequal
D:4:      uniq_grinder, uniq_pikel
D:5:      kennysheep_little_box, first_bread, uniq_edmund

Skill      XL: |  1  2  3  4  5  6 |
---------------+-------------------+-----
Shields        | 3 4 |  4.3
Armour         | 3 |  3.9
Polearms       | 2 3 4 |  4.0
Dodging        | 1 |  1.5
Fighting       | |  3.9
Stealth        | |  0.2

Action                   |  1- 3 |  4- 6 || total
-------------------------+-------+-------++-------
Melee: Trident           |   121 |   207 ||   328
       Kick              |    20 |    42 ||    62
  Use: Potion            |       |     2 ||     2
  Eat: Chunk             |     1 |     6 ||     7
Armor: Scale mail        |    62 |    74 ||   136
Dodge: Dodged            |    28 |    70 ||    98
Block: Shield            |    53 |   104 ||   157
